 Dungeon Crawl Stone Soup version 0.17.2-1-ge4368a0 (webtiles) character file.

226 Goblin1989 the Cutter (level 6, -3/32 HPs)
             Began as a Vine Stalker Berserker on July 27, 2016.
             Was a Follower of Trog.
             Shot with an arrow by a centaur (7 damage)
             ... on level 5 of the Dungeon.
             The game lasted 00:05:52 (784 turns).

Goblin1989 the Cutter (Vine Stalker Berserker)       Turns: 784, Time: 00:05:52

Health: -3/32      AC:  6    Str: 22    XL:     6   Next: 1%
Magic:  0/7        EV: 10    Int:  7    God:    Trog [*.....]
Gold:   93         SH:  0    Dex: 13    Spells: 0 memorised, 5 levels left

rFire  . . .     SeeInvis .     a - +0 short sword
rCold  . . .     Clarity  .     m - +0 scale mail
rNeg   . . .     SustAt   .     (no shield)
rPois  .         Gourm    .     (no helmet)
rElec  .         Spirit   +     (no cloak)
rCorr  .         Warding  .     (no gloves)
rMut   .         Stasis   .     (no boots)
MR     .....                    (no amulet)
Stlth  ..........               (no ring)
                                (no ring)

@: not resistant to hostile enchantments, extremely unstealthy
A: fangs 2, regeneration 2, magic shield, antimagic bite, no device heal 3, rot
immunity
a: Berserk, Burn Spellbooks, Renounce Religion


You were on level 5 of the Dungeon.
You worshipped Trog.
Trog was aware of your devotion.
You were not hungry.

You visited 1 branch of the dungeon, and saw 5 of its levels.

You collected 93 gold pieces.

Inventory:

Hand Weapons
 a - a +0 short sword (weapon)
Armour
 i - a +0 plate armour
 m - a +0 scale mail (worn)
Scrolls
 b - 2 scrolls of teleportation {unknown}
 d - a scroll of magic mapping {unknown}
 e - 3 scrolls of identify {unknown}
 j - a scroll of enchant weapon {unknown}
Potions
 h - a potion of lignification {unknown}
 l - a potion of brilliance {unknown}
Comestibles
 c - 3 bread rations
 f - 2 meat rations


   Skills:
 - Level 2.9 Fighting
 + Level 5.7 Short Blades
 - Level 1.7 Armour
 - Level 1.6 Dodging


You had 5 spell levels left.
You didn't know any spells.

Dungeon Overview and Level Annotations

Branches:
Dungeon (5/15)
 Temple: D:4-7

Altars:


Innate Abilities, Weirdness & Mutations

You have extremely sharp teeth.
You heal very quickly.
When hurt, damage is shared between your health and your magic reserves.
Your bite disrupts and absorbs the magic of your enemies.
Potions and wands cannot restore your health.
You are immune to rotting.


Message History

Health restored: 32 You feel yourself speed up.
You feel less exhausted.
You are near starving!
A centaur comes into view.
The centaur shouts!
The centaur wields a shortbow.
The centaur shoots an arrow.
The arrow hits you!
You see here an arrow.
You take 9 damage, and have 23/32 hp.
MASSIVE DAMAGE!!
You now have 5/7 mp.
The centaur shoots an arrow.
The arrow hits you!
You see here an arrow.
You take 9 damage, and have 14/32 hp.
MASSIVE DAMAGE!!
You now have 3/7 mp.
The centaur shoots an arrow.
The arrow hits you!
* * * LOW HITPOINT WARNING * * *
You see here an arrow.
You take 10 damage, and have 4/32 hp.
MASSIVE DAMAGE!!
You now have 0/7 mp.
Okay, then.
Eat which item? (? for menu, Esc to quit)
The centaur shoots an arrow.
The arrow hits you!
You die...

#.#
#.#
#.#
#.#
#.#
#.#
#(#
#(#
#@#
#.#
#.#
...
#c#
#.#
#.#
#.#


You could see a centaur.

Vanquished Creatures
  The ghost of Goblin1989 the Skirmisher, an amateur DsBe of Trog (D:5)
  An adder skeleton (D:4)
  A worm (D:2)
  The ghost of Goblin1989 the Cutter, a weakling VSBe of Trog (D:4)
  3 orcs (D:3)
  3 goblins
  3 kobolds
  2 bats (D:3)
  2 quokkas
  2 rats
19 creatures vanquished.

Notes
Turn   | Place    | Note
--------------------------------------------------------------
     0 | D:1      | Goblin1989 the Vine Stalker Berserker began the quest for the Orb.
     0 | D:1      | Reached XP level 1. HP: 11/11 MP: 2/2
   182 | D:2      | Reached XP level 2. HP: 16/16 MP: 3/3
   287 | D:2      | Noticed a giant frog
   288 | D:2      | Noticed a hungry ghost
   302 | D:2      | Reached skill level 3 in Short Blades
   582 | D:4      | Noticed Goblin1989's ghost (weakling VSBe)
   589 | D:4      | Killed Goblin1989's ghost
   622 | D:4      | Reached XP level 3. HP: 17/19 MP: 4/4
   672 | D:5      | Entered Level 5 of the Dungeon
   672 | D:5      | Noticed Goblin1989's ghost (amateur DsBe)
   690 | D:5      | Killed Goblin1989's ghost
   690 | D:5      | Reached skill level 5 in Short Blades
   690 | D:5      | Reached XP level 4. HP: 13/23 MP: 5/5
   690 | D:5      | Reached XP level 5. HP: 16/28 MP: 6/6
   690 | D:5      | Gained mutation: You heal very quickly. [Vine Stalker growth]
   690 | D:5      | Reached XP level 6. HP: 18/32 MP: 7/7
   781 | D:5      | Noticed a centaur
   784 | D:5      | Shot with an arrow by a centaur

Action                   |  1- 3 |  4- 6 || total
-------------------------+-------+-------++-------
Melee: Short sword       |    69 |     2 ||    71
Invok: Berserk           |     2 |       ||     2
 Stab: Sleeping          |     1 |       ||     1
  Eat: Pizza             |       |     1 ||     1
